[Event "Titled Tuesday Blitz May 30 Late 2023"]
[White "Martinez, Ayelen"]
[Black "Celestino, Rafael Teixeira"]
[WhiteFideId "118702"]
[BlackFideId "2108925"]
[WhiteElo "2125"]
[BlackElo "2320"]
[Result "1-0"]
[Round "09"]
[TimeControl "180+2"]
[Date "2023.05.31"]
[WhiteClock "0:00:38"]
[BlackClock "0:00:11"]

1. e4 e5 2. Nf3 Nc6 3. Bb5 Nf6 4. O-O a6 5. Ba4 b5 6. Bb3 Bc5 7. c3 O-O 8. d4 exd4 9. cxd4 Bb6 10. e5 Ne4 11. Qe2 d5 12. Rd1 Bg4 13. Be3 Ne7 14. Nc3 Nxc3 15. bxc3 Nf5 16. a4 Nxe3 17. Qxe3 Kh8 18. h3 Bh5 19. Rd2 Qd7 20. Ng5 Rae8 21. axb5 axb5 22. Qd3 Bg6 23. Qg3 Ra8 24. Re1 Ra3 25. Ba2 h6 26. e6 Qe7 27. Nf3 Rxc3 28. Bxd5 Bh5 29. Qe5 Bxf3 30. Bxf3 fxe6 31. d5 Rcxf3 32. gxf3 Ba5 33. Rde2 Bxe1 34. Rxe1 Rxf3 35. dxe6 Rxh3 36. Qxb5 Qh4 37. Qb8+ Kh7 38. Qb1+ Kg8 39. Qf5 Rh1+ 40. Kg2 Qh3+ 41. Qxh3 Rxh3 42. Kxh3 Kf8 43. Kg4 Ke7 44. Kf5 c5 45. Ke5 c4 46. Rc1 h5 47. Rxc4 h4 48. Rc7+ Kd8 49. Rxg7 h3 50. Rh7 h2 51. Rxh2 Ke7 52. Rh7+ Kf8 53. Kf6 Kg8 54. Ra7 Kh8 55. Kg6 Kg8 56. Ra8# 1-0


[Site "https://www.chess.com"]

[Event "Titled Tuesday Blitz May 30 Late 2023"]
[White "zano2023"]
[Black "dodoucb"]
[WhiteElo "2183"]
[BlackElo "2313"]
[Result "1-0"]
[Round "09"]
[TimeControl "180+2"]
[Date "2023.05.31"]
[WhiteClock "0:00:12"]
[BlackClock "0:00:02"]

1. d4 Nf6 2. Nd2 d5 3. Ngf3 g6 4. e3 Bg7 5. Bd3 O-O 6. O-O c5 7. c3 cxd4 8. exd4 Nc6 9. Qe2 Re8 10. Ne5 Nxe5 11. dxe5 Ne4 12. Nf3 Nc5 13. Bc2 h6 14. Be3 Nd7 15. Bd4 e6 16. h4 Qc7 17. Rfe1 b6 18. Qd3 Nc5 19. Qe3 Bb7 20. h5 gxh5 21. Nd2 Qe7 22. Qh3 Qg5 23. Nf3 Qg4 24. Qh2 Ne4 25. Re3 Kh8 26. Nh4 Rg8 27. f3 Qg5 28. fxe4 Bf8 29. Nf3 Qg4 30. Nh4 Be7 31. Nf3 h4 32. Kh1 dxe4 33. Ng1 Bg5 34. Rh3 e3 35. Bd1 Qf5 36. Bf3 Bf4 37. g3 Bxg3 38. Rxg3 hxg3 39. Qxh6+ Qh7 40. Qxh7+ Kxh7 41. Bxb7 Rab8 42. Be4+ Kg7 43. Kg2 Rh8 44. Bxe3 Rh2+ 45. Kxg3 Rxb2 46. Nf3 Kf8 47. Rh1 Ke7 48. Kf4 Rg8 49. Bc1 Rbg2 50. Ba3+ Kd7 51. Rh7 R8g4+ 52. Ke3 Rxa2 53. Rxf7+ Ke8 54. Rf8+ Kd7 55. Bd6 Rgg2 56. Bd3 Rg4 57. Bb5# 1-0


[Site "https://www.chess.com"]

[Event "Titled Tuesday Blitz May 30 Late 2023"]
[White "Stachanczyk, Jacek"]
[Black "ritanovikova"]
[WhiteFideId "1116657"]
[WhiteElo "2084"]
[BlackElo "2166"]
[Result "1-0"]
[Round "09"]
[TimeControl "180+2"]
[Date "2023.05.31"]
[WhiteClock "0:01:15"]
[BlackClock "0:00:38"]

1. e4 d5 2. exd5 Qxd5 3. Nc3 Qd6 4. d4 Nf6 5. Nf3 a6 6. Ne5 Nbd7 7. f4 c5 8. Nc4 Qxd4 9. Qf3 Nb8 10. Be3 Qd8 11. Bxc5 Nbd7 12. O-O-O Qc7 13. Bd4 e6 14. g4 Rb8 15. g5 Ng8 16. f5 Nc5 17. Be5 Qc6 18. Qxc6+ bxc6 19. Bxb8 exf5 20. Bg2 Bd7 21. Rhe1+ Kd8 22. Bxc6 Kc8 23. Bxd7+ Nxd7 24. Re8+ Kb7 25. Rxd7+ 1-0


[Site "https://www.chess.com"]

[Event "Titled Tuesday Blitz May 30 Late 2023"]
[White "Da Silva, Alessandro Rodrigues"]
[Black "Horokoskii"]
[WhiteFideId "2107546"]
[WhiteElo "2181"]
[BlackElo "2132"]
[Result "0-1"]
[Round "09"]
[TimeControl "180+2"]
[Date "2023.05.31"]
[WhiteClock "0:01:07"]
[BlackClock "0:00:40"]

1. e4 e6 2. d4 d5 3. e5 c5 4. Nf3 Nc6 5. Bd3 cxd4 6. O-O Qc7 7. a3 Nxe5 8. Bf4 Nxf3+ 9. Qxf3 Bd6 10. Bxd6 Qxd6 11. Re1 Nf6 12. Nd2 O-O 13. Nb3 e5 14. Qg3 Re8 15. Nxd4 Qb6 16. Nb3 e4 17. Bf1 Be6 18. Rab1 Rac8 19. Re2 d4 20. Rd2 e3 21. fxe3 dxe3 22. Rd6 Qc7 23. Nd4 Ne4 24. Nxe6 fxe6 0-1


[Site "https://www.chess.com"]

[Event "Titled Tuesday Blitz May 30 Late 2023"]
[White "Wang, Alexander J"]
[Black "Winkels, Marcel"]
[WhiteFideId "30955270"]
[BlackFideId "1003887"]
[WhiteElo "2252"]
[BlackElo "1900"]
[Result "1-0"]
[Round "09"]
[TimeControl "180+2"]
[Date "2023.05.31"]
[WhiteClock "0:00:18"]
[BlackClock "0:00:01"]

1. e4 Nf6 2. e5 Nd5 3. d4 d6 4. c4 Nb6 5. exd6 exd6 6. Nc3 Be7 7. Nf3 Nc6 8. d5 Ne5 9. Nxe5 dxe5 10. Be3 O-O 11. c5 Nd7 12. d6 cxd6 13. cxd6 Bf6 14. Bc4 a6 15. O-O Nb6 16. Bb3 Bf5 17. Nd5 Nxd5 18. Qxd5 Be6 19. Qd3 Bxb3 20. axb3 Rc8 21. Rac1 Qd7 22. Rfd1 Rc6 23. Rxc6 Qxc6 24. d7 Rd8 25. h3 g6 26. Kh2 e4 27. Qc4 Be5+ 28. g3 Bc7 29. Qxc6 bxc6 30. Bg5 Kf8 31. Bxd8 Bxd8 32. Rc1 Ke7 33. Rxc6 Kxd7 34. Rc4 Bc7 35. Rxe4 f5 36. Ra4 a5 37. b4 axb4 38. Rxb4 Kc6 39. Rc4+ Kd7 40. Kg2 Bb6 41. g4 fxg4 42. hxg4 Kd6 43. Rb4 Bc5 44. Rb7 h5 45. gxh5 gxh5 46. Rh7 Bd4 47. b3 h4 48. Rxh4 Bc5 49. Rh5 Bb6 50. f4 Ke6 51. Kf3 Kf7 52. Rb5 Bd4 53. Ke4 Bf2 54. Kf5 Be3 55. Rb7+ Ke8 56. Ke6 Bxf4 57. Rh7 Kd8 58. b4 1-0


[Site "https://www.chess.com"]

[Event "Titled Tuesday Blitz May 30 Late 2023"]
[White "deloewre"]
[Black "Schut, Han"]
[BlackFideId "1005561"]
[WhiteElo "2110"]
[BlackElo "2024"]
[Result "0-1"]
[Round "09"]
[TimeControl "180+2"]
[Date "2023.05.31"]
[WhiteClock "0:00:01"]
[BlackClock "0:00:06"]

1. d4 Nf6 2. c4 g6 3. Nf3 Bg7 4. g3 O-O 5. Bg2 d5 6. cxd5 Nxd5 7. Nc3 c5 8. e4 Nxc3 9. bxc3 Nc6 10. d5 Ne5 11. Nxe5 Bxe5 12. Bd2 c4 13. O-O b5 14. f4 Bg7 15. e5 Bb7 16. Be3 a6 17. Qd2 Qd7 18. a4 Rfd8 19. Rfd1 f6 20. exf6 Bxf6 21. Be4 e6 22. Bd4 Bxd4+ 23. Qxd4 Bxd5 24. Bxd5 Qxd5 25. Qf6 Qxd1+ 26. Rxd1 Rxd1+ 27. Kg2 Rd6 28. axb5 axb5 29. Qe7 Rb6 30. h4 Rab8 31. h5 R8b7 32. Qe8+ Kg7 33. hxg6 hxg6 34. Kh3 b4 35. cxb4 Rc7 36. Kg4 c3 37. Kg5 Rf7 38. g4 c2 39. Qc8 Rb5+ 40. Kh4 Rxb4 41. Qxc2 Rbxf4 42. Qc3+ Kh7 43. Kg5 Rf1 44. Qh3+ Kg7 45. Qc3+ Kg8 46. Qc8+ Kg7 47. Qxe6 R1f6 48. Qe5 Kh7 49. Qxf6 Rxf6 50. Kxf6 g5 0-1


[Site "https://www.chess.com"]

[Event "Titled Tuesday Blitz May 30 Late 2023"]
[White "NtcPou"]
[Black "Mendez Machado, Andre"]
[BlackFideId "6603793"]
[WhiteElo "2049"]
[BlackElo "1984"]
[Result "0-1"]
[Round "09"]
[TimeControl "180+2"]
[Date "2023.05.31"]
[WhiteClock "0:01:30"]
[BlackClock "0:01:37"]

1. e4 e5 2. Nf3 Nc6 3. Bc4 Bc5 4. O-O Nf6 5. d3 d6 6. c3 a6 7. Bb3 Ba7 8. Re1 O-O 9. Nbd2 Ng4 10. Re2 Kh8 11. h3 Nh6 12. Nf1 f5 13. Bxh6 gxh6 14. exf5 Bxf5 15. Ng3 Bxh3 16. gxh3 Rxf3 17. d4 Qf6 18. Kg2 exd4 19. Re6 Rxf2+ 20. Kg1 Qf4 21. Ne2 Qh2# 0-1


[Site "https://www.chess.com"]

[Event "Titled Tuesday Blitz May 30 Late 2023"]
[White "Kornyukov, Alexey"]
[Black "Maluco_do_Natal_00"]
[WhiteFideId "4150457"]
[WhiteElo "2352"]
[BlackElo "2073"]
[Result "1-0"]
[Round "09"]
[TimeControl "180+2"]
[Date "2023.05.31"]
[WhiteClock "0:00:18"]
[BlackClock "0:00:02"]

1. d4 d5 2. c4 c6 3. Nf3 Nf6 4. e3 g6 5. Bd3 Bg7 6. O-O O-O 7. b3 a6 8. Bb2 Re8 9. Nbd2 Nbd7 10. h3 Nf8 11. Rc1 h6 12. Qc2 e6 13. Rfd1 Bd7 14. Ne5 Rc8 15. e4 Qe7 16. Ndf3 dxe4 17. Bxe4 Nxe4 18. Qxe4 Red8 19. Qe3 Be8 20. c5 Nd7 21. Nc4 Ra8 22. Nd6 Nf6 23. Ne5 Nd5 24. Qf3 Rxd6 25. cxd6 Qxd6 26. Nc4 Qd8 27. Ba3 Bf8 28. Bxf8 Kxf8 29. Ne3 Kg7 30. Rc5 Qf6 31. Qe4 Rd8 32. a3 Qe7 33. b4 f5 34. Qf3 Nxe3 35. Qxe3 Bf7 36. a4 Rd7 37. b5 axb5 38. axb5 Qxc5 39. dxc5 Rxd1+ 40. Kh2 cxb5 41. Qe5+ Kh7 42. Qc7 Kg7 43. Qxb7 1-0


[Site "https://www.chess.com"]

[Event "Titled Tuesday Blitz May 30 Late 2023"]
[White "Escalante Ramirez, Rafael"]
[Black "dorpato"]
[WhiteFideId "3900177"]
[WhiteElo "2212"]
[BlackElo "2035"]
[Result "0-1"]
[Round "09"]
[TimeControl "180+2"]
[Date "2023.05.31"]
[WhiteClock "0:00:02"]
[BlackClock "0:00:08"]

1. Nf3 c5 2. e3 g6 3. d4 cxd4 4. exd4 Bg7 5. Bd3 Nf6 6. O-O O-O 7. c3 d5 8. h3 Bd7 9. Bf4 Nc6 10. Nbd2 Nh5 11. Bh2 Re8 12. Re1 e6 13. a4 Bh8 14. Qe2 f6 15. Qd1 Ng7 16. b4 Ne7 17. a5 Rc8 18. Qb3 Nef5 19. Re2 Re7 20. Rae1 Qe8 21. g4 Nh6 22. g5 fxg5 23. Nxg5 Nhf5 24. Be5 h6 25. Ngf3 Nh5 26. Bxf5 gxf5 27. Kh2 Bxe5+ 28. Nxe5 Kh7 29. Rg1 Rg7 30. Rxg7+ Nxg7 31. Re1 Nh5 32. Rg1 Qe7 33. Ndf3 Rg8 34. Rxg8 Kxg8 35. Qd1 Qg7 36. Qd2 Nf6 37. Qe3 Ne4 38. Nh4 Be8 39. Ng2 Ng5 40. Qg3 Ne4 41. Qxg7+ Kxg7 42. Nf4 Kf6 43. c4 dxc4 44. Nxc4 Bb5 45. Nd6 Bc6 46. f3 Nxd6 47. Nd3 b6 48. Kg3 bxa5 49. bxa5 Nc4 50. a6 Bb5 51. Nc5 Nd6 52. Kf4 Nf7 53. Kg3 Nd8 0-1


[Site "https://www.chess.com"]

[Event "Titled Tuesday Blitz May 30 Late 2023"]
[White "Ricaurte Lopez, Juan Carlos"]
[Black "Burke, Paul"]
[WhiteFideId "3600327"]
[BlackFideId "2605767"]
[WhiteElo "2200"]
[BlackElo "1907"]
[Result "0-1"]
[Round "09"]
[TimeControl "180+2"]
[Date "2023.05.31"]
[WhiteClock "0:00:35"]
[BlackClock "0:01:14"]

1. e4 e5 2. d4 exd4 3. c3 d5 4. exd5 Qxd5 5. cxd4 Nc6 6. Nf3 Nf6 7. Be2 Bg4 8. O-O Bd6 9. Nc3 Qh5 10. h3 O-O-O 11. Be3 Rhe8 12. Qd2 Bxh3 13. gxh3 Qxh3 14. Bf4 Ng4 15. Bxd6 Rxd6 16. Qf4 Rh6 17. Nh2 Nxh2 18. Ne4 Rxe4 19. Qxe4 Nf3+ 0-1


[Site "https://www.chess.com"]

[Event "Titled Tuesday Blitz May 30 Late 2023"]
[White "Palencia Morales, Wilson Guillermo"]
[Black "Howell, David W L"]
[WhiteFideId "4401859"]
[BlackFideId "410608"]
[WhiteElo "2144"]
[BlackElo "2567"]
[Result "0-1"]
[Round "09"]
[TimeControl "180+2"]
[Date "2023.05.31"]
[WhiteClock "0:02:30"]
[BlackClock "0:02:19"]

1. d4 e6 2. Nf3 f5 3. g3 Nf6 4. Bg2 Be7 5. O-O O-O 6. b3 d6 7. Bb2 Qe8 8. Nbd2 Nbd7 9. e4 Nxe4 10. d5 exd5 11. Nd4 Ndf6 12. N2f3 Bd7 13. Ng5 0-1


[Site "https://www.chess.com"]

[Event "Titled Tuesday Blitz May 30 Late 2023"]
[White "Duda, Jan-Krzysztof"]
[Black "Henriquez Villagra, Cristobal"]
[WhiteFideId "1170546"]
[BlackFideId "3409350"]
[WhiteElo "2790"]
[BlackElo "2542"]
[Result "0-1"]
[Round "10"]
[TimeControl "180+2"]
[Date "2023.05.31"]
[WhiteClock "0:00:01"]
[BlackClock "0:00:11"]

1. d4 Nf6 2. c4 g6 3. Nc3 Bg7 4. e4 d6 5. h3 e5 6. dxe5 dxe5 7. Qxd8+ Kxd8 8. Be3 Be6 9. O-O-O+ Nfd7 10. Nf3 Nc6 11. Nd5 h6 12. Bd3 Nd4 13. Bc2 c5 14. Nd2 f5 15. exf5 gxf5 16. g4 Nxc2 17. Kxc2 Bxd5 18. cxd5 f4 19. d6 fxe3 20. fxe3 Ke8 21. Rhf1 Rf8 22. Ne4 Rc8 23. Rxf8+ Kxf8 24. Rf1+ Ke8 25. Kc3 c4 26. Kb4 Rc6 27. Rf2 Bf8 28. Rd2 Kf7 29. h4 Ke6 30. g5 hxg5 31. Nxg5+ Kf5 32. Rf2+ Kg4 33. Rf7 Bxd6+ 34. Kc3 Nb6 35. Ne4 Nd5+ 36. Kd2 Bb4+ 37. Ke2 c3 38. Rg7+ Kxh4 39. Kf3 Nf6 40. Ng3 e4+ 41. Kg2 Rc5 42. bxc3 Bxc3 43. Ne2 Bd2 44. Rxb7 Bxe3 45. Kf1 Rf5+ 46. Ke1 Bf2+ 47. Kd2 Rd5+ 48. Kc3 Ra5 49. Kb3 Ra6 50. Rg7 e3 51. a4 Nh5 52. Rg8 Ng3 53. Nf4 Rf6 0-1


[Site "https://www.chess.com"]

[Event "Titled Tuesday Blitz May 30 Late 2023"]
[White "Hakobyan, Aram"]
[Black "Holt, Conrad"]
[WhiteFideId "13306677"]
[BlackFideId "2034387"]
[WhiteElo "2584"]
[BlackElo "2592"]
[Result "0-1"]
[Round "10"]
[TimeControl "180+2"]
[Date "2023.05.31"]
[WhiteClock "0:00:04"]
[BlackClock "0:00:10"]

1. d4 d5 2. c4 c6 3. Nf3 Nf6 4. Nc3 dxc4 5. e4 b5 6. Be2 b4 7. Na4 Nxe4 8. Bxc4 e6 9. O-O Be7 10. Qe2 Nd6 11. Bd3 O-O 12. Bf4 Nd7 13. Rac1 Nf6 14. Ne5 Bd7 15. Nc5 Be8 16. Rfd1 Nd5 17. Bg3 Bg5 18. Rc2 Nf5 19. Ba6 Rb8 20. Ne4 Rb6 21. Bc4 Bh6 22. Ng4 Bg5 23. Ne5 Be7 24. Bb3 Nf6 25. Nc5 Nxd4 26. Qf1 Rb5 27. Na4 c5 28. Rcc1 Qa5 29. Nc4 Qa6 30. Ne3 Qb7 31. Bc4 Ra5 32. b3 Ne4 33. Be5 Bf6 34. Bxf6 Nxf6 35. Bd3 Bxa4 36. Nc4 Ra6 37. bxa4 Rxa4 38. Bb1 b3 39. axb3 Nxb3 40. Rc3 Nd4 41. h3 Nd5 42. Rg3 g6 43. Ne5 Qc7 44. Ng4 Qf4 45. Re1 Rb8 46. Re4 Qg5 47. Re5 Qe7 48. Re1 Nf4 49. Be4 Rbb4 50. Bf3 Nf5 51. Ne5 Nxg3 52. fxg3 Nh5 53. Nc6 Qd6 54. Nxb4 Qd4+ 55. Kh2 Rxb4 56. Bxh5 gxh5 57. Rd1 Qe5 58. Rd8+ Kg7 0-1


[Site "https://www.chess.com"]

[Event "Titled Tuesday Blitz May 30 Late 2023"]
[White "Xiong, Jeffery"]
[Black "Maksimovic, Bojan"]
[WhiteFideId "2047640"]
[BlackFideId "14408120"]
[WhiteElo "2726"]
[BlackElo "2468"]
[Result "1-0"]
[Round "10"]
[TimeControl "180+2"]
[Date "2023.05.31"]
[WhiteClock "0:00:37"]
[BlackClock "0:00:03"]

1. d4 g6 2. e4 Nf6 3. e5 Nh5 4. Nf3 d6 5. exd6 cxd6 6. Be2 Bg7 7. O-O O-O 8. Re1 e5 9. d5 Nd7 10. c4 h6 11. Nc3 f5 12. Nd2 Nhf6 13. b3 e4 14. Nf1 Ne5 15. Ba3 a6 16. Qd2 b6 17. f4 exf3 18. Bxf3 Nxf3+ 19. gxf3 Nh5 20. Bb2 Qh4 21. Ne2 Bxb2 22. Qxb2 f4 23. Nd4 Bh3 24. Ne6 Rf6 25. Qf2 Qxf2+ 26. Kxf2 b5 27. Nd2 Bxe6 28. dxe6 Ng7 29. e7 Re8 30. cxb5 axb5 31. a4 bxa4 32. Rxa4 Rf7 33. Rd4 Nf5 34. Rxf4 Rfxe7 35. Rxe7 Rxe7 36. Re4 Ra7 37. Ke2 Kf7 38. Kd3 Ra2 39. Re2 Ra1 40. Nc4 d5 41. Ne3 Ne7 42. Nc2 Rd1+ 43. Rd2 Rf1 44. Nd4 Kf6 45. b4 Rb1 46. b5 Nf5 47. Kc2 Rb4 48. Nxf5 Kxf5 49. Rxd5+ Ke6 50. Kc3 Rb1 51. Rc5 Kd6 52. Rc6+ Ke5 53. Kc4 Kf5 54. b6 h5 55. h4 g5 56. Rc5+ Kf4 57. Rb5 Rc1+ 58. Kd3 gxh4 59. b7 h3 60. b8=Q+ Kxf3 61. Rf5+ Kg2 62. Rg5+ Kh1 63. Qg3 1-0


[Site "https://www.chess.com"]

[Event "Titled Tuesday Blitz May 30 Late 2023"]
[White "Hansen, Eric"]
[Black "Bluebaum, Matthias"]
[WhiteFideId "2606771"]
[BlackFideId "24651516"]
[WhiteElo "2561"]
[BlackElo "2639"]
[Result "1-0"]
[Round "10"]
[TimeControl "180+2"]
[Date "2023.05.31"]
[WhiteClock "0:00:07"]
[BlackClock "0:00:09"]

1. e4 e6 2. d4 d5 3. Nd2 c5 4. dxc5 Nf6 5. exd5 Qxd5 6. Ngf3 Qxc5 7. a3 Nbd7 8. Bd3 Qc7 9. O-O Be7 10. Re1 O-O 11. Qe2 Nc5 12. Bc4 a6 13. b4 Na4 14. Bb3 Nc3 15. Qc4 Qxc4 16. Nxc4 b5 17. Nb6 Rb8 18. Nxc8 Rbxc8 19. Ne5 Nfd5 20. g3 Rfd8 21. Kg2 Bf6 22. h4 Nb6 23. Bg5 Rd6 24. Ng4 Bd4 25. Bf4 Rdd8 26. Bg5 Rd6 27. Bf4 Rdd8 28. Bg5 Re8 29. h5 h6 30. Bf4 Ncd5 31. Rad1 Nxf4+ 32. gxf4 Red8 33. Kf3 Kf8 34. Ne5 Bxe5 35. fxe5 Ke7 36. Ke4 Nd5 37. Rd3 Rc7 38. Rg1 Kf8 39. Kf3 Rcd7 40. Rgd1 Ke7 41. c4 bxc4 42. Bxc4 Nb6 43. Bxa6 Ra8 44. Bb5 Rda7 45. Bc6 Rc8 46. b5 Nc4 47. Rd7+ Rxd7 48. Rxd7+ Kf8 49. Kf4 Na5 50. Rd6 Nc4 51. Rd4 Na5 52. Be4 Ke7 53. Ra4 Nb3 54. Ra7+ Kf8 55. a4 Rc4 56. Ke3 Rb4 57. Ra8+ Ke7 58. Ra7+ Kf8 59. f4 Nc5 60. Bc2 Rc4 61. Bd1 Re4+ 62. Kd2 Rd4+ 63. Kc2 Rc4+ 64. Kb2 Rd4 65. Bc2 Rxf4 66. Kc3 f6 67. b6 fxe5 68. a5 e4 69. Kd4 e3+ 70. Kxe3 Rb4 71. Bg6 e5 72. Rf7+ Kg8 73. Rc7 Rb3+ 74. Ke2 Rb2+ 75. Kd1 Kf8 76. Rxc5 Ke7 77. Rxe5+ Kf6 78. Re2 Kg5 79. Rxb2 Kh4 80. b7 Kg3 81. b8=Q+ Kh3 82. Qh2+ Kg4 83. Rb4+ Kf3 84. Qf4+ Kg2 85. Rb2+ Kh1 86. Qh2# 1-0


[Site "https://www.chess.com"]

[Event "Titled Tuesday Blitz May 30 Late 2023"]
[White "Sarana, Alexey"]
[Black "Demidov, Mikhail"]
[WhiteFideId "24133795"]
[BlackFideId "4197143"]
[WhiteElo "2714"]
[BlackElo "2500"]
[Result "1-0"]
[Round "10"]
[TimeControl "180+2"]
[Date "2023.05.31"]
[WhiteClock "0:00:15"]
[BlackClock "0:00:06"]

1. d4 d5 2. c4 c6 3. Nf3 e6 4. g3 f5 5. Bf4 Nf6 6. Nbd2 Be7 7. Bg2 O-O 8. O-O Bd7 9. Qb3 Qb6 10. c5 Qa6 11. Rfc1 b6 12. Ne5 Be8 13. Bf1 bxc5 14. dxc5 Nbd7 15. Nxd7 Nxd7 16. Qe3 Bf7 17. Nf3 Rfe8 18. Ne5 Nxe5 19. Bxe5 Qb7 20. Rab1 a5 21. a3 Bf6 22. b4 axb4 23. Rxb4 Qa7 24. Rc3 Bxe5 25. Qxe5 Rab8 26. Rcb3 Rxb4 27. axb4 Qb8 28. Qb2 d4 29. b5 e5 30. Rb4 cxb5 31. Rxb5 Qc7 32. Bg2 Rd8 33. Qb4 e4 34. Rb7 Qc6 35. Rb6 Qc7 36. Rd6 Rb8 37. Qxd4 h5 38. h4 Rb1+ 39. Kh2 Rc1 40. Rd8+ Kh7 41. Rd7 Qxc5 42. Qxc5 Rxc5 43. Rxf7 Kg6 44. Rf8 Rc2 45. Bh3 Rxe2 46. Bxf5+ Kh6 47. Rh8# 1-0


[Site "https://www.chess.com"]

[Event "Titled Tuesday Blitz May 30 Late 2023"]
[White "Bortnyk, Olexandr"]
[Black "Ibarra Jerez, Jose Carlos"]
[WhiteFideId "14120828"]
[BlackFideId "2226332"]
[WhiteElo "2734"]
[BlackElo "2638"]
[Result "0-1"]
[Round "10"]
[TimeControl "180+2"]
[Date "2023.05.31"]
[WhiteClock "0:00:01"]
[BlackClock "0:00:05"]

1. e4 c5 2. Be2 Nc6 3. f4 d5 4. d3 e6 5. Nf3 Bd6 6. O-O f6 7. c4 d4 8. Nbd2 Bxf4 9. Nb3 Bxc1 10. Qxc1 Qd6 11. e5 Nxe5 12. Ng5 fxg5 13. Qxg5 Ng6 14. Bh5 b6 15. Rae1 Ne7 16. Nd2 Bd7 17. Ne4 Qc7 18. Bxg6+ hxg6 19. h3 Bc6 20. Nxc5 Rh5 21. Rf8+ Kxf8 22. Nxe6+ Kg8 23. Qxh5 gxh5 24. Nxc7 Rc8 25. Rxe7 Kf8 26. Nd5 Bxd5 27. Rxa7 Be6 28. Ra6 Bf5 29. Rxb6 Bxd3 30. b3 Bb1 31. Rd6 Bxa2 32. Rxd4 Bxb3 33. Rd5 g6 34. Rg5 Kg7 35. c5 Be6 36. h4 Bf5 37. Rg3 Rxc5 38. Ra3 Rc7 39. Kh2 Rc2 40. Ra4 Bg4 41. Kg3 Rc7 42. Kf4 Rf7+ 43. Kg3 Re7 44. Ra3 Kf6 45. Ra6+ Re6 46. Ra3 Bf5 47. Rc3 Rd6 48. Rc4 Ke5 49. Rc5+ Rd5 50. Rc4 Rd3+ 51. Kf2 Rd4 52. Rc5+ Kf4 53. Kg1 Kg3 54. Rc3+ Kxh4 55. Kh2 Kg5 56. Rg3+ Rg4 57. Re3 h4 58. Rc3 Be4 59. Rc5+ Kh6 60. Kh3 Rf4 61. Re5 Bf5+ 62. Kh2 Rg4 63. Rc5 Kg5 64. Ra5 Rg3 65. Rb5 Kh6 66. Rb4 Kh5 67. Ra4 g5 68. Rb4 Be6 69. Rb5 Bc4 70. Rf5 Bd3 71. Re5 Bf1 0-1


[Site "https://www.chess.com"]

[Event "Titled Tuesday Blitz May 30 Late 2023"]
[White "Durarbayli, Vasif"]
[Black "Lazavik, Denis"]
[WhiteFideId "13402935"]
[BlackFideId "13515110"]
[WhiteElo "2551"]
[BlackElo "2560"]
[Result "1-0"]
[Round "10"]
[TimeControl "180+2"]
[Date "2023.05.31"]
[WhiteClock "0:00:18"]
[BlackClock "0:00:18"]

1. e4 c5 2. Nf3 e6 3. d4 cxd4 4. Nxd4 Nc6 5. Nc3 Qc7 6. Be3 a6 7. Qf3 b5 8. Nxc6 Qxc6 9. Bd3 h5 10. O-O Bb7 11. a4 b4 12. Ne2 Nf6 13. Nd4 Qc7 14. Rfe1 Bd6 15. h3 Be5 16. Rac1 d5 17. exd5 Nxd5 18. Be4 O-O-O 19. c3 b3 20. Bg5 Rd7 21. c4 Nb4 22. Bxb7+ Qxb7 23. Rxe5 Rxd4 24. Rc5+ Kb8 25. Qg3+ Ka8 26. Rc7 Qe4 27. Be3 Nc2 28. Qxg7 Rdd8 29. Qxf7 Kb8 30. Ba7+ Ka8 31. Bb6 Kb8 32. Rc8+ 1-0


[Site "https://www.chess.com"]

[Event "Titled Tuesday Blitz May 30 Late 2023"]
[White "Eugene, Floryan"]
[Black "Pranav, V"]
[WhiteFideId "20694784"]
[BlackFideId "25060783"]
[WhiteElo "2369"]
[BlackElo "2515"]
[Result "0-1"]
[Round "10"]
[TimeControl "180+2"]
[Date "2023.05.31"]
[WhiteClock "0:01:06"]
[BlackClock "0:01:20"]

1. b3 e5 2. Bb2 Nc6 3. e3 Nf6 4. c4 d6 5. Be2 g6 6. d3 Bg7 7. Nd2 O-O 8. Ngf3 Nh5 9. a3 e4 10. Nd4 Nxd4 11. Bxd4 Bxd4 12. exd4 Nf4 13. O-O exd3 14. Bf3 Re8 15. Ne4 Bf5 16. Ng3 Qf6 17. Qd2 Qxd4 18. Nxf5 gxf5 19. Bxb7 Rab8 20. Bc6 Re2 21. Qd1 Kh8 22. Bf3 Rg8 23. Bxe2 Rxg2+ 24. Kh1 Nxe2 25. f3 Rxh2+ 26. Kxh2 Qh4+ 27. Kg2 Qg3+ 28. Kh1 Qh3# 0-1


[Site "https://www.chess.com"]

[Event "Titled Tuesday Blitz May 30 Late 2023"]
[White "Makarian, Rudik"]
[Black "Rustemov, Alexander"]
[WhiteFideId "44105681"]
[BlackFideId "4119002"]
[WhiteElo "2461"]
[BlackElo "2887"]
[Result "1/2-1/2"]
[Round "10"]
[TimeControl "180+2"]
[Date "2023.05.31"]
[WhiteClock "0:00:07"]
[BlackClock "0:00:05"]

1. d4 d5 2. c4 dxc4 3. Nf3 Nf6 4. e3 e6 5. Bxc4 a6 6. O-O b5 7. Bd3 Bb7 8. a4 bxa4 9. Qxa4+ Nbd7 10. Ne5 c5 11. Nc3 Qc7 12. Rd1 Bd6 13. Nxd7 Nxd7 14. h3 O-O 15. Be4 Bxe4 16. Nxe4 Be7 17. Bd2 cxd4 18. Qxd4 Nf6 19. Bc3 Rfd8 20. Qa4 Nd5 21. Bd4 Qb7 22. Rac1 Rdc8 23. Ng3 Qb5 24. Qa1 Bf8 25. Ne4 Nb4 26. Rxc8 Rxc8 27. Bc3 Nd5 28. Qb1 f5 29. Ng5 Nxc3 30. bxc3 Qxb1 31. Rxb1 Ra8 32. Nxe6 a5 33. Nxf8 Kxf8 34. Kf1 a4 35. Ke2 Ke7 36. Kd3 Kd6 37. Kd4 a3 38. Ra1 Ra4+ 39. c4 a2 40. g3 h5 41. h4 g6 42. Kc3 Kc5 43. Kb3 Rb4+ 44. Ka3 Rb8 45. f3 Kxc4 46. Rc1+ Kd3 47. Kxa2 Kxe3 48. Rc6 Rg8 49. Rc3+ Kf2 50. f4 Re8 51. Rc6 Re2+ 52. Kb1 Re3 53. Rxg6 Rxg3 54. Rg5 Rg4 55. Rxh5 Rxf4 56. Kc2 Ke3 57. Rh8 Rc4+ 58. Kd1 f4 59. h5 f3 60. Re8+ Kf2 61. h6 Rd4+ 62. Kc2 Rh4 63. Re6 Kg3 64. Rg6+ Kf4 65. Kd3 Rh1 66. Rf6+ Kg3 67. Rg6+ Kf4 68. Rf6+ Kg4 69. Rg6+ Kf5 70. Rg8 Rxh6 71. Ke3 Rh3 72. Kf2 Kf4 73. Rf8+ Ke4 74. Re8+ Kf4 75. Rf8+ Ke4 76. Re8+ Kf4 77. Rf8+ 1/2-1/2


[Site "https://www.chess.com"]

[Event "Titled Tuesday Blitz May 30 Late 2023"]
[White "Bok, Benjamin"]
[Black "Kushko, Dmitriy"]
[WhiteFideId "1017063"]
[BlackFideId "14162261"]
[WhiteElo "2657"]
[BlackElo "2230"]
[Result "0-1"]
[Round "10"]
[TimeControl "180+2"]
[Date "2023.05.31"]
[WhiteClock "0:00:02"]
[BlackClock "0:00:03"]

1. d4 g6 2. e4 Bg7 3. Nf3 d6 4. Be3 Nf6 5. Nc3 O-O 6. Qd2 a6 7. Bd3 Nc6 8. O-O-O e5 9. dxe5 dxe5 10. Kb1 Bg4 11. Bc4 Qe7 12. Nd5 Nxd5 13. Bxd5 Rad8 14. Qc3 Nd4 15. Bxb7 c5 16. Bd5 Kh8 17. Rd3 f5 18. Bg5 Bf6 19. Bxf6+ Rxf6 20. Re1 Bxf3 21. gxf3 f4 22. Qc4 Rb8 23. c3 Nb5 24. Ka1 Rfb6 25. Red1 Qc7 26. Be6 Nd6 27. Qd5 Ne8 28. Qd7 Rxb2 29. Qxc7 Nxc7 30. Rd8+ Kg7 31. Rxb8 Rxb8 32. Rd7+ Kf6 33. Rxc7 Kxe6 34. Rxc5 Rd8 35. Rc6+ Kf7 36. Rxa6 Rd2 37. a4 Rxf2 38. a5 Rxf3 39. Rc6 Re3 40. a6 Rxe4 41. Kb2 f3 42. Rd6 f2 43. Rd1 Re1 0-1


[Site "https://www.chess.com"]

[Event "Titled Tuesday Blitz May 30 Late 2023"]
[White "Halkias, Stelios"]
[Black "Kourkoulos-Arditis, Stamatis"]
[WhiteFideId "4201809"]
[BlackFideId "4221990"]
[WhiteElo "2451"]
[BlackElo "2400"]
[Result "1-0"]
[Round "10"]
[TimeControl "180+2"]
[Date "2023.05.31"]
[WhiteClock "0:00:07"]
[BlackClock "0:00:02"]

1. d4 c5 2. d5 Nf6 3. Nc3 g6 4. e4 d6 5. Nf3 Bg7 6. Be2 O-O 7. O-O e6 8. dxe6 Bxe6 9. Bf4 d5 10. exd5 Nxd5 11. Nxd5 Qxd5 12. c3 Nc6 13. Qa4 Rad8 14. Rfd1 Qf5 15. Bd6 Rfe8 16. Bd3 Qh5 17. Be4 Bd7 18. Qc4 b5 19. Qd5 Qg4 20. Ng5 Be6 21. Nxe6 Qxe6 22. Qxc6 Qxe4 23. Qxe4 Rxe4 24. Bxc5 Rde8 25. Kf1 a6 26. Re1 h5 27. Rxe4 Rxe4 28. Rd1 Rc4 29. Bd4 b4 30. Bxg7 Kxg7 31. Rd4 Rxd4 32. cxd4 Kf6 33. Ke2 Ke6 34. Kd3 Kd5 35. b3 g5 36. h3 h4 37. Ke3 f6 38. f3 f5 39. f4 g4 40. hxg4 fxg4 41. f5 h3 42. gxh3 gxh3 43. Kf3 1-0


[Site "https://www.chess.com"]